AoeStats
← PiWi

Four Lakes

509640289Analyzed
1v1 RM · 6d ago on Sep 27, 2026· 33m 14s· 2 players
Game mode
Random Map
Map size
Tiny (2 player)
Population
200
Speed
Normal
Resources
Standard
Victory
Conquest
Starting age
Dark Age
Ending age
Imperial Age
RankedLock teamsTeams togetherTeam positionsShared explorationLock speedFull tech treeHidden civsTurbo modeCheats
Victory
Defeat
🇨🇭 Huns · Switzerland
1245
+14
🇿🇦 Danes · South Africa
1209
-14
PiWi
8:04 Loom
10:14 Feudal Age
11:18 Double-Bit Axe
13:43 Forging
17:03 Castle Age
15:31 Fletching
15:50 Horse Collar
17:16 Gold Mining
17:47 Bodkin Arrow
20:37 Ballistics
21:03 Husbandry
21:10 Padded Archer Armor
21:39 Bow Saw
24:12 Fishing Lines
25:24 Wheelbarrow
25:55 Bloodlines
28:56 Thumb Ring
30:23 Gillnets
34:08 Imperial Age
Aizohiith
10:29 Feudal Age
11:46 Double-Bit Axe
14:27 Castle Age
13:00 Loom
15:35 Stone Mining
15:45 Gold Mining
29:35 Scale Mail Armor
33:36 Wheelbarrow
Connection lost

Rejoining the realm…

Still unreachable

The connection could not be restored.

Session expired

The server has moved on; the page needs a fresh start.